 Dungeon Crawl Stone Soup version 0.31-a0-466-g98c9adc2b6 (webtiles) character file.

Game seed: 8959367384080530321

3 avis the Changeling (level 1, -2/9 HPs)
             Began as a Felid Shapeshifter on Aug 6, 2023.
             Succumbed to a goblin's poison
             ... on level 1 of the Dungeon.
             The game lasted 00:00:42 (53 turns).

avis the Changeling (Felid Shapeshifter)              Turns: 53, Time: 00:00:42

Health: -2/9       AC:  1    Str: 11    XL:     1   Next: 41%
Magic:  2/2        EV: 17    Int:  9    God:
Gold:   0          SH:  0    Dex: 16    Spells: 0/0 levels left
                                        Lives:  0   Deaths: 0

rFire   . .          .
                       - Unarmed
rCold   . . .        (shield unavailable)
rNeg    . . .        (body armour unavailable)
rPois   .            (helmet unavailable)
rElec   .            (cloak unavailable)
rCorr   .            (gloves unavailable)
SInv    +            (boots unavailable)
Will    .....        (no amulet)
Stlth   +            (no ring)
HPRegen 0.21/turn    (no ring)
MPRegen 0.08/turn

%: no passive effects
@: lethally poisoned (-2 -> -18), beast-form, quick
A: beast (slay +2), very small, claws 1, fangs 3, see invisible, speed 1, shaggy
fur 1, stealthy paws, no weapons or thrown items, no armour, multi-lived
a: Begin Untransformation


You were on level 1 of the Dungeon.
You were a hulking beast.
You visited 1 branch of the dungeon, and saw 1 of its levels.

Inventory:

Talismans
 b - a beast talisman (active)
Potions
 a - a potion of lignification


   Skills:
 * Level 1.5 Fighting
 - Level 2.6 Dodging
 - Level 3.0 Unarmed Combat
 - Level 3.2 Shapeshifting


You couldn't memorise any spells.
You didn't know any spells.
Your spell library was empty.

Dungeon Overview and Level Annotations

Branches:
Dungeon (1/15)

Altars:


Innate Abilities, Weirdness & Mutations

You are a hulking beast.
Your limbs bulge with bestial killing power. (Slay +2)
You have sharp claws.
You have razor-sharp teeth.
You have supernaturally acute eyesight. (SInv)
You cover ground quickly. (Speed+)
You are covered in fur. (AC +1)
Your paws help you pounce on unaware monsters.
You are incapable of wielding weapons or throwing items.
You cannot wear armour.
You gain extra lives every three experience levels.


Message History

There is a fountain of clear blue water here.
There is an empty arch of ancient stone here.
An endoplasm comes into view.
Found an escape hatch in the floor.
You pounce on the unaware helpless endoplasm!
You claw the endoplasm!
You kill the endoplasm!
You open the door.
A kobold comes into view. It is wielding a +0 short sword.
The kobold shouts!
There is an open door here.
The kobold misses you.
You scratch the kobold.
The kobold is moderately wounded.
The kobold hits you with a +0 short sword.
You scratch the kobold.
You kill the kobold!
A frilled lizard comes into view.
The frilled lizard hisses angrily.
There is an open door here.
You close the door.
You start resting.
HP restored.
You open the door. You scratch the frilled lizard.
You kill the frilled lizard!
You open the door.
A goblin comes into view. It is wielding a +1 dagger of venom.
The goblin shouts!
The goblin hits you with a +1 dagger of venom.
You are lethally poisoned!
There is an open door here.
You barely miss the goblin.
You feel very sick.
The goblin hits you with a +1 dagger of venom.
* * * LOW HITPOINT WARNING * * *
You are more poisoned.
You scratch the goblin.
You kill the goblin!
You die...

#...≈...# #.⌠.≈.⌠.#
#...≈...# #.⌠.≈.⌠.#
###...≈...#
##.#.⌠.≈.⌠.# .
##..#...≈...#
....####...###...###
......)h.....##∩##
......##...>..#.#
##.## ##.....#.#
##......# ##...###
##'## #.# #.# #)#


There were no monsters in sight!

Vanquished Creatures
  An endoplasm (D:1)
  A kobold (D:1)
  A frilled lizard (D:1)
  A goblin (D:1)
4 creatures vanquished.

Notes
Turn   | Place    | Note
-------+----------+-------------------------------------------
     0 | D:1      | avis the Felid Shapeshifter began the quest for the Orb.
     0 | D:1      | Reached XP level 1. HP: 9/9 MP: 2/2
    53 | D:1      | Succumbed to a goblin's poison

Illustrated notes

Levels and vault maps discovered:
D:1:      mainiacjoe_arrival_reflecting_pool, layout_loops_corners,
          hellmonk_ecumenical_altar_arch_garden

Action                     || total
---------------------------++-------
  Melee: Unarmed           ||     6
   Stab: Sleeping          ||     1
  Dodge: Dodged            ||     1

Table legend: (Time is in decaauts)
 A = Elapsed time spent in this place.
 B = Non-inter-level travel time spent in this place.
 C = Inter-level travel time spent in this place.
 D = Time resting spent in this place.
 E = Time spent auto-exploring this place.
 F = Levels seen in this place.
 G = Mean time per level.
                   A        B        C        D        E       F      G
               +--------+--------+--------+--------+--------+-----+--------+
         Total |     46 |     46 |      0 |     12 |     17 |   1 |   46.0 |
       Dungeon |     46 |     46 |      0 |     12 |     17 |   1 |   46.0 |
               +--------+--------+--------+--------+--------+-----+--------+

Top non-repeatable levels by time:
     D:1: 46 daAuts
